 Dungeon Crawl Stone Soup version 0.19.0-17-g07987d3 (webtiles) character file.

93 Melicamp the Gusty (level 4, -4/24 HPs)
             Began as a Tengu Air Elementalist on Nov 10, 2016.
             Was a Believer of Dithmenos.
             Slain by Robin
             ... wielding a +0 falchion
              (8 damage)
             ... on level 3 of the Dungeon.
             The game lasted 00:21:15 (3307 turns).

Melicamp the Gusty (Tengu Air Elementalist)         Turns: 3307, Time: 00:21:15

Health: -4/24      AC:  2    Str:  8    XL:     4   Next: 61%
Magic:  1/9        EV: 12    Int: 17    God:    Dithmenos [**....]
Gold:   117        SH:  0    Dex: 14    Spells: 2 memorised, 6 levels left

rFire  . . .     SeeInvis .     q - +1 dagger (venom)
rCold  . . .     Gourm    .     a - +0 robe
rNeg   . . .     Faith    .     (no shield)
rPois  .         Spirit   .     (helmet restricted)
rElec  .         Reflect  .     (no cloak)
rCorr  .         Harm     .     (no gloves)
MR     .....                    (boots unavailable)
Stlth  ++........               (no amulet)
                                (no ring)
                                (no ring)

@: very slightly contaminated, wreathed by umbra
A: beak, talons 3
a: Shadow Step, Renounce Religion


You were on level 3 of the Dungeon.
You worshipped Dithmenos.
Dithmenos was pleased with you.
You were not hungry.

You visited 1 branch of the dungeon, and saw 3 of its levels.

You collected 117 gold pieces.

Inventory:

Hand Weapons
 q - a +1 dagger of venom (weapon)
Armour
 a - a +0 robe (worn)
Scrolls
 h - 2 scrolls of amnesia
 l - a scroll of blinking
Potions
 e - a potion of degeneration {unknown}
 f - a potion of beneficial mutation {unknown}
 i - a potion of magic {unknown}
 j - a potion of heal wounds
 k - a potion of lignification {unknown}
 m - a potion of might {unknown}
 n - a potion of berserk rage
Books
 b - a book of Air

   Spells                             Type                      Level
   a - Shock                          Conjuration/Air              1
   b - Swiftness                      Charms/Air                   2
   c - Repel Missiles                 Charms/Air                   2
   d - Static Discharge               Conjuration/Air              3
   e - Lightning Bolt                 Conjuration/Air              5
Comestibles
 c - a bread ration
 g - 2 slices of pizza
 o - 3 chunks of flesh
 p - a beef jerky


   Skills:
 - Level 2.1 Dodging
 - Level 2.0 Stealth
 * Level 3.2 Spellcasting
 - Level 3.1 Conjurations
 - Level 5.0 Air Magic


You had 6 spell levels left.
You knew the following spells:

 Your Spells              Type           Power        Failure   Level  Hunger
a - Shock                 Conj/Air       ###.         3%          1    None
b - Repel Missiles        Chrm/Air       ##....       12%         2    ##.....


Dungeon Overview and Level Annotations

Branches:
Dungeon (3/15)

Altars:
Dithmenos
Zin

Portals:
Sewer: D:3

Annotations:
D:3 Robin


Innate Abilities, Weirdness & Mutations

You have a beak for a mouth.
You have claws for feet.


Message History

Robin closely misses you. Robin hits you with a falchion!
Casting: Shock
Confirm with . or Enter, or press ? or * to list all spells.
Aiming: Shock
Press: ? - help, Shift-Dir - straight line, f/p - Robin
Aim: Robin, wielding a falchion, wearing an animal skin and wearing a helmet (heavily wounded, berserk, fast, unusually strong, umbra) That beam is likely to hit you.
Continue anyway?
The zap hits Robin.
Robin appears unharmed.
Robin is heavily wounded.
The zap hits Robin.
Robin is severely wounded.
The zap hits you!
* * * LOW HITPOINT WARNING * * *
The goblin no longer looks unusually strong.
Robin hits you with a falchion.
* * * LOW HITPOINT WARNING * * *
The goblin hits you but does no damage. Robin hits you with a falchion!
You die...

##.## #.# . #...#
#####.##.. #...#
#...).†(.† #...#
#.#......#
#####...#####.#.###.##
.##...........#.#.# #...
..............))..###.#.
##...........#.........
####.@g.g####.........
##...g...####.##.##..
#.........# #.##.....
##....>..## #........
##......# ########.#
#....#.# #.........
#..).#.###.####....
#######)###....#.##
#.... #......##
##....... #....


You could see Robin (berserk) and 2 goblins.

Vanquished Creatures
  A river rat (D:3)
  An ooze (D:2)
  A worm (D:3)
  2 dart slugs
  A leopard gecko (D:1)
  2 giant cockroaches
  10 goblins
  12 hobgoblins
  7 jackals
  2 quokkas
  8 bats
  3 frilled lizards
  6 kobolds
  11 rats
  A bush (D:2)
68 creatures vanquished.

Notes
Turn   | Place    | Note
-------+----------+-------------------------------------------
     0 | D:1      | Melicamp the Tengu Air Elementalist began the quest for the Orb.
     0 | D:1      | Reached XP level 1. HP: 10/10 MP: 4/4
   339 | D:1      | Reached XP level 2. HP: 9/15 MP: 0/6
   444 | D:1      | Reached skill level 5 in Air Magic
   494 | D:1      | Learned a level 2 spell: Repel Missiles
  1003 | D:1      | Reached XP level 3. HP: 18/19 MP: 1/7
  1714 | D:2      | Found a faded altar of an unknown god.
  1728 | D:2      | Became a worshipper of Dithmenos the Shadowed
  1728 | D:2      | Reached * piety under Dithmenos
  2317 | D:2      | Found a glowing silver altar of Zin.
  2999 | D:3      | Reached XP level 4. HP: 21/24 MP: 1/8
  3148 | D:3      | Found a glowing drain.
  3193 | D:3      | Reached ** piety under Dithmenos
  3282 | D:3      | Noticed Robin
  3307 | D:3      | Slain by Robin

Skill      XL: |  1  2  3  4 |
---------------+-------------+-----
Air Magic      | 5 |  5.0
Conjurations   | 2 3 |  3.1
Spellcasting   | 3 |  3.2
Dodging        | |  2.1
Stealth        | |  2.0

Action                   |  1- 3 |  4- 6 || total
-------------------------+-------+-------++-------
Melee: Short sword       |   217 |    10 ||   227
       Kick              |    83 |     1 ||    84
       Peck              |    62 |     3 ||    65
 Cast: Shock             |    82 |    26 ||   108
  Use: Scroll            |     7 |       ||     7
  Eat: Chunk             |     1 |       ||     1
       Meat ration       |     1 |       ||     1
       Bread ration      |     1 |       ||     1
Armor: Robe              |    13 |     5 ||    18
Dodge: Dodged            |    27 |    37 ||    64
